 Dungeon Crawl Stone Soup version 0.21.1-1-g345015f (webtiles) character file.

110429 equalderp2856 the Severer (level 16, 0/147 HPs)
             Began as a Minotaur Fighter on May 12, 2018.
             Killed from afar by a lich (34 damage)
             ... with a bolt of acid
             ... on level 15 of the Dungeon.
             The game lasted 01:15:26 (42411 turns).

equalderp2856 the Severer (Minotaur Fighter)       Turns: 42411, Time: 01:15:27

Health: 0/147      AC: 24    Str: 23    XL:     16   Next: 7%
Magic:  18/18      EV: 10    Int:  8    God:
Gold:   1945       SH: 16    Dex: 12    Spells: 15/15 levels left

rFire    + + .     SeeInvis .   K - +0 broad axe (venom)
rCold    . . .     Gourm    .   P - +2 shield
rNeg     . . .     Faith    .   E - +0 plate armour
rPois    .         Spirit   .   (helmet restricted)
rElec    .         Reflect  .   C - +2 cloak {rF+}
rCorr    .         Harm     .   (no gloves)
MR       +....                  B - +0 pair of boots
Stlth    ..........             (no amulet)
HPRegen  0.34/turn              Y - +6 ring of protection
MPRegen  0.16/turn              O - ring of protection from fire

@: corroded, very slightly contaminated, drained
A: retaliatory headbutt, horns 2
a: no special abilities


You were on level 15 of the Dungeon.
You were not hungry.

You visited 4 branches of the dungeon, and saw 24 of its levels.
You also visited: Bailey and Volcano.

You collected 2265 gold pieces.
You spent 320 gold pieces at shops.

Inventory:

Hand Weapons
 D - a +2 hand crossbow of freezing
 F - a +0 war axe of flaming
 K - a +0 broad axe of venom (weapon)
 U - a +0 trident
Armour
 s - a +0 cloak of magic resistance
 B - a +0 pair of boots (worn)
 C - a +2 cloak of fire resistance (worn)
 E - a +0 plate armour (worn)
 G - a +0 cloak of invisibility
 H - +0 fire dragon scales
 P - a +2 shield (worn)
 X - a +1 chain mail of fire resistance
Jewellery
 c - an uncursed ring of fire
 y - an uncursed ring of poison resistance
 I - a +3 ring of evasion
 O - a ring of protection from fire (right hand)
 Q - an uncursed ring of wizardry
 Y - a +6 ring of protection (left hand)
Wands
 p - a wand of digging (12)
 A - a wand of disintegration (7)
 V - a wand of paralysis (30)
 Z - a wand of polymorph (21)
Scrolls
 g - 5 scrolls of enchant armour
 h - 12 scrolls of remove curse
 i - 4 scrolls of identify
 k - 4 scrolls of magic mapping
 l - a scroll of noise {unknown}
 o - 4 scrolls of amnesia
 q - 3 scrolls of enchant weapon
 r - 2 scrolls of fog
 w - 3 scrolls of teleportation
 x - 3 scrolls of fear
 J - a scroll of holy word
 T - 3 scrolls of blinking
 W - a scroll of torment
Potions
 a - a potion of ambrosia
 b - 2 potions of agility {unknown}
 d - 5 potions of might
 e - 4 potions of berserk rage
 f - 3 potions of mutation
 j - 2 potions of invisibility
 m - 2 potions of magic
 t - 4 potions of resistance
 u - 5 potions of curing
 z - 3 potions of cancellation
 L - 2 potions of haste
 M - 2 potions of lignification
Books
 v - a book of Cantrips

   Spells                             Type                      Level
   a - Confusing Touch                Hexes                        1
   b - Animate Skeleton               Necromancy                   1
   c - Summon Small Mammal            Summoning                    1
   d - Apportation                    Translocation                1
 N - a book of the Warp

   Spells                             Type                      Level
   a - Gell's Gravitas                Translocation                3
   b - Portal Projectile              Hexes/Translocation          3
   c - Force Lance                    Conjuration/Translocation    4
   d - Dispersal                      Translocation                6
   e - Controlled Blink               Translocation                8
   f - Disjunction                    Translocation                8
 R - a book of Battle

   Spells                             Type                      Level
   a - Infusion                       Charms                       1
   b - Shroud of Golubria             Charms/Translocation         2
   c - Song of Slaying                Charms                       2
   d - Spectral Weapon                Hexes/Charms                 3
   e - Regeneration                   Charms/Necromancy            3
Miscellaneous
 S - a lamp of fire (inert)
Comestibles
 n - 30 rations


   Skills:
 + Level 14.7(14.3) Fighting
 + Level 18.9(18.6) Axes
 + Level 1.8(12.6) Polearms
 + Level 15.7(15.4) Armour
 + Level 5.3(5.1) Dodging
 + Level 3.3(3.0) Stealth
 + Level 15.7(15.4) Shields
 + Level 4.0(3.7) Evocations


You had 15 spell levels left.
You didn't know any spells.

Dungeon Overview and Level Annotations

Branches:
Dungeon (15/15)            Temple (0/1) D:6            Lair (6/6) D:11
  Swamp (0/4) Lair:2       Spider (0/4) Lair:3        Slime (0/5) Lair:6
    Orc (2/2) D:11            Elf (0/3) Orc:2        Vaults (0/5) D:14
 Depths (1/5) D:15

Altars:
Cheibriados
Dithmenos
Elyvilon
Gozag
Nemelex Xobeh
Okawaru
Qazlal
Ru
Sif Muna
Trog
Uskayaw

Shops:
D:6 =   D:7 *   D:8 =   D:11 =   D:14 [   Orc:2 [(}!

Portals:
Trove: D:10 (give +5 fire dragon scales)

Annotations:
D:8 LLlMATKO's ghost, novice MiBe


Innate Abilities, Weirdness & Mutations

You reflexively headbutt those who attack you in melee.
You have a pair of horns on your head.


Message History

The lich is severely damaged.
The lich casts a spell at you. The bolt of acid hits you!
* * * LOW HITPOINT WARNING * * *
You are splashed with acid!
The acid burns!
* * * LOW HITPOINT WARNING * * *
Blink to where?
Press: ? - help, Dir - move target cursor, p - lich You are very lightly contaminated with residual magic.
As you read the scroll of blinking, it crumbles to dust.
The lich points at you and mumbles some strange words.
You barely resist.
Things that are here:
a robe; a whip
There is a stone staircase leading up, spattered with blood here.
Things that are here:
an arrow; a bolt The lich gestures at you while chanting.
The bolt of acid hits you!
You die...

### #.....# #..# #. ..## #.#.#.#
#..###. #..# #.#...# #......
##'## #.###.## #..##.# #...##
###......# #..##.# .....##
#..([###.######..##.#
8...8.#######.#..# #.........##..
.....#.##......))###L##....###.#.
8...8[..#.###.#.@[...##.......#..
........'.# #...[).#.##......###.
8...8...#.#####)##.#.##.#...## ##
.....#.##.#..=!(##.#.##.#..## #
8...8.###.#.###(##.#.##.#.#.#####
.....## #.#....(.....##L#.##...#.
#...## #..8.P.......##ยง#.#......
##'## #.......P8....#.#........
...# #8.....8.................


You could see a lich.

Vanquished Creatures
  A tengu reaver (D:15)
  A fire giant (D:15)
  A frost giant (D:15)
  2 caustic shrike zombies (D:15)
  A juggernaut zombie (D:15)
  2 stone giants
  Nessos (D:14)
  2 ettins (D:15)
  The ghost of jerryfan the Cleaver, a journeyman GnWn (D:11)
  Josephine (Orc:1)
  The ghost of crasatator the Grappler, a journeyman TrFi of Cheibriados (Lair:1)
  A fire dragon (Depths:1)
  2 ogre magi
  Harold (Lair:3)
  A yaktaur captain (Depths:1)
  Erolcha (D:9)
  An ice dragon (D:15)
  Fannar (Lair:3)
  A vault guard (D:14)
  A catoblepas (Lair:5)
  3 hydras
  Erica (D:9)
  2 centaur warriors (D:13)
  16 two-headed ogres
  The ghost of thiefofnight the Carver, a novice HOFi of Makhleb (Orc:1)
  A deep troll earth mage (D:15)
  5 tengu warriors
  4 orc high priests (Orc:2)
  The ghost of Opti87 the Cleaver, a novice HOMo of Beogh (D:9)
  Sonja (D:15)
  The ghost of glosham the Fighter, a novice KoAr (D:5)
  A skeletal warrior (D:14)
  An unseen horror (D:10)
  A deep elf archer (D:14)
  2 necromancers (D:14)
  3 wizards
  A phantasmal warrior (D:15)
  2 deep elf magi
  4 orc sorcerers
  2 cyclopes
  3 orc knights
  2 ugly things (D:12)
  2 manticores (D:13)
  2 salamanders (Volcano)
  An iron dragon zombie (D:15)
  3 centaur zombies
  14 elephants
  Maurice (D:9)
  4 gargoyles
  4 yaktaurs
  7 spiny frogs
  2 kobold demonologists
  3 rime drakes
  10 komodo dragons
  A demonic crawler (Lair:3)
  A tengu conjurer (D:13)
  The ghost of Shufflesack the Thaumaturge, a novice DECj (D:3)
  7 trolls
  A guardian mummy (D:15)
  6 polar bears
  The ghost of Scuka the Slasher, an amateur BaFi (D:4)
  4 hornets
  11 blink frogs
  6 dream sheep
  9 slime creatures
  5 hippogriffs
  Sigmund (D:2)
  3 wyverns
  12 spriggans
  4 hogs (D:8)
  3 wraiths (Orc:1)
  34 yaks
  3 basilisks
  A fire bat (Volcano)
  19 humans
  4 vampire mosquitoes
  2 acid dragons
  18 water moccasins
  2 hell hounds (Volcano)
  Duvessa (D:5)
  6 porcupines
  29 orc warriors
  4 black bears
  3 necrophages
  2 ice beasts
  4 sky beasts
  11 ogres
  13 boggarts
  32 wolves
  4 centaurs
  6 crocodiles
  3 big kobolds
  25 bullfrogs
  Dowan (D:5)
  2 gnoll sergeants
  A water moccasin skeleton (D:8)
  5 scorpions
  12 killer bees
  3 wights (D:6)
  A howler monkey (D:7)
  An electric eel (Lair:2)
  7 crimson imps
  4 hounds
  2 bullfrog zombies
  11 jellies
  8 centaur skeletons
  26 orc priests
  2 bullfrog skeletons
  Natasha (twice) (D:2)
  3 iguanas
  20 orc wizards
  11 worker ants
  Terence (D:2)
  A hound zombie (D:10)
  3 worker ant zombies
  18 gnolls
  13 adders
  3 shadow imps
  An adder zombie (D:6)
  An adder skeleton (D:4)
  2 worms
  4 dart slugs
  6 leopard geckos
  107 orcs
  7 giant cockroaches
  9 goblins
  6 hobgoblins
  5 jackals
  3 quokkas
  2 ball pythons
  9 bats
  4 frilled lizards
  24 kobolds
  9 rats
  A fungus (Lair:3)
  2 plants
800 creatures vanquished.

Vanquished Creatures (others)
  2 centaurs (Volcano)
  22 fungi
  17 plants
  4 withered plants (D:15)
45 creatures vanquished.

Grand Total: 845 creatures vanquished

Notes
Turn   | Place    | Note
-------+----------+-------------------------------------------
     0 | D:1      | equalderp2856 the Minotaur Fighter began the quest for the Orb.
     0 | D:1      | Reached XP level 1. HP: 19/19 MP: 0/0
   440 | D:1      | Reached XP level 2. HP: 27/27 MP: 1/1
   825 | D:2      | Noticed Sigmund
  1121 | D:2      | Reached XP level 3. HP: 33/33 MP: 2/2
  1263 | D:3      | Found a white marble altar of Elyvilon.
  1282 | D:3      | HP: 1/33 [gnoll/enchanted halberd (5)]
  1301 | D:2      | Reached skill level 3 in Axes
  1677 | D:2      | Found a sparkling altar of Nemelex Xobeh.
  1783 | D:2      | Noticed Terence
  1800 | D:2      | Killed Terence
  1800 | D:2      | Reached XP level 4. HP: 19/40 MP: 3/3
  2028 | D:2      | Noticed Natasha
  2047 | D:2      | Killed Natasha
  2440 | D:2      | Noticed Natasha
  2445 | D:2      | Killed Natasha
  2445 | D:2      | Reached skill level 4 in Axes
  2490 | D:2      | Reached XP level 5. HP: 46/46 MP: 4/4
  2691 | D:2      | Killed Sigmund
  2691 | D:2      | Reached skill level 5 in Axes
  2691 | D:2      | Reached skill level 5 in Armour
  2691 | D:2      | Reached skill level 1 in Dodging
  2691 | D:2      | Reached XP level 6. HP: 40/53 MP: 5/5
  2980 | D:3      | Reached skill level 5 in Shields
  3390 | D:3      | Noticed Shufflesack's ghost (novice DECj)
  3400 | D:3      | Killed Shufflesack's ghost
  3400 | D:3      | Reached skill level 6 in Axes
  3400 | D:3      | Reached skill level 1 in Evocations
  3400 | D:3      | Reached XP level 7. HP: 46/60 MP: 6/6
  3513 | D:3      | Found a sacrificial altar of Ru.
  3919 | D:4      | Noticed Scuka's ghost (amateur BaFi)
  4434 | D:4      | Killed Scuka's ghost
  4434 | D:4      | Reached skill level 5 in Fighting
  4434 | D:4      | Reached skill level 7 in Axes
  4434 | D:4      | Reached XP level 8. HP: 26/68 MP: 6/8
  4712 | D:4      | Found a shadowy altar of Dithmenos.
  4853 | D:5      | Entered Level 5 of the Dungeon
  4868 | D:5      | Noticed Duvessa
  4868 | D:5      | Noticed Dowan
  4887 | D:5      | Killed Duvessa
  4901 | D:5      | Killed Dowan
  4964 | D:5      | Noticed glosham's ghost (novice KoAr)
  5211 | D:4      | Reached skill level 8 in Axes
  7484 | D:5      | Killed glosham's ghost
  7484 | D:5      | Reached XP level 9. HP: 68/75 MP: 9/9
  8189 | D:6      | Reached skill level 9 in Axes
  8208 | D:6      | Found a staircase to the Ecumenical Temple.
  8364 | D:6      | Found Cutaum's Jewellery Emporium.
  8951 | D:7      | Found a snail-covered altar of Cheibriados.
  9039 | D:7      | Reached skill level 10 in Axes
  9149 | D:7      | Found an opulent altar of Gozag.
  9152 | D:7      | Found Gozag's Platinum Reserve.
  9377 | D:7      | Found an iron altar of Okawaru.
 10162 | D:8      | Noticed LLlMATKO's ghost (novice MiBe)
 10728 | D:8      | Reached XP level 10. HP: 84/84 MP: 10/10
 10851 | D:8      | Found a stormy altar of Qazlal.
 11043 | D:8      | Reached skill level 11 in Axes
 11290 | D:8      | Found Bulat's Jewellery Shoppe.
 11390 | D:8      | Found a hide-covered altar of Uskayaw.
 11820 | D:9      | Noticed Erolcha
 11843 | D:9      | Killed Erolcha
 11843 | D:9      | Reached skill level 12 in Axes
 11843 | D:9      | Reached skill level 10 in Shields
 11858 | D:9      | Noticed Maurice
 12131 | D:9      | Noticed Opti87's ghost (novice HOMo)
 12944 | D:9      | Reached skill level 10 in Armour
 13236 | D:9      | Noticed Erica
 13254 | D:9      | Killed Erica
 13254 | D:9      | Reached XP level 11. HP: 50/94 MP: 9/11
 13544 | D:9      | Found a deep blue altar of Sif Muna.
 13979 | D:9      | Paralysed by something for 4 turns
 14180 | D:9      | Killed Opti87's ghost
 14188 | D:9      | Killed Maurice
 14446 | D:10     | Entered Level 10 of the Dungeon
 14634 | D:10     | Found a portal to a secret trove of treasure.
 14807 | D:10     | Found a bloodstained altar of Trog.
 15060 | D:10     | Killed an unseen horror
 15516 | D:11     | Noticed a tengu warrior
 15537 | D:11     | Killed a tengu warrior
 15879 | D:11     | Noticed a deep elf mage
 16018 | D:11     | Killed a deep elf mage
 16018 | D:11     | Reached skill level 13 in Axes
 16026 | D:11     | Noticed jerryfan's ghost (journeyman GnWn)
 16745 | D:11     | Killed jerryfan's ghost
 16745 | D:11     | Reached skill level 1 in Stealth
 17146 | D:11     | Found a staircase to the Lair.
 17230 | Lair:1   | Entered Level 1 of the Lair of Beasts
 17315 | Lair:1   | Noticed crasatator's ghost (journeyman TrFi)
 17373 | Lair:1   | Killed crasatator's ghost
 17704 | Lair:1   | Reached XP level 12. HP: 104/104 MP: 13/13
 18121 | Lair:2   | Reached skill level 14 in Axes
 18721 | Lair:2   | Found a staircase to the Swamp.
 19776 | Lair:3   | Found a hole to the Spider Nest.
 20014 | Lair:3   | Reached skill level 10 in Fighting
 20103 | Lair:3   | Noticed Harold
 20115 | Lair:3   | Killed Harold
 20469 | Lair:3   | Noticed Fannar
 20490 | Lair:3   | Killed Fannar
 20926 | Lair:4   | Reached skill level 15 in Axes
 21025 | Lair:4   | You fall through a shaft!
 21309 | Lair:4   | Noticed a seven-headed hydra
 21859 | Lair:4   | Killed a seven-headed hydra
 21859 | Lair:4   | Reached XP level 13. HP: 83/114 MP: 14/14
 23240 | Lair:6   | Entered Level 6 of the Lair of Beasts
 23262 | Lair:6   | Found a staircase to the Slime Pits.
 24002 | Lair:6   | Reached skill level 16 in Axes
 25698 | Lair:6   | Reached skill level 1 in Polearms
 26109 | Lair:6   | Reached XP level 14. HP: 120/125 MP: 15/15
 26314 | Lair:6   | Identified the +1 chain mail of Dramatic Exits {Int+3} (You found it on level 6 of the Lair of Beasts)
 26620 | D:11     | Found Qourch's Jewellery Shop.
 26990 | D:11     | Found a staircase to the Orcish Mines.
 27177 | Orc:1    | Entered Level 1 of the Orcish Mines
 27190 | Orc:1    | Noticed thiefofnight's ghost (novice HOFi)
 27228 | Orc:1    | Killed thiefofnight's ghost
 27246 | Orc:1    | Found a dark tunnel.
 27345 | Volcano  | Entered a volcano
 28175 | Orc:1    | Noticed Josephine
 28198 | Orc:1    | Killed Josephine
 28357 | Orc:1    | Paralysed by an orc sorcerer for 5 turns
 28644 | D:11     | Reached skill level 5 in Dodging
 28927 | Orc:1    | Paralysed by an orc sorcerer for 3 turns
 29175 | Orc:2    | Entered Level 2 of the Orcish Mines
 29199 | Orc:2    | Reached skill level 17 in Axes
 30151 | Orc:2    | Found Dawyady's Gadget Emporium.
 30151 | Orc:2    | Found Ytemp's Distillery.
 30179 | Orc:2    | Found Wehunkoe's Weapon Shoppe.
 30546 | Orc:2    | Found Geakuny's Armour Shoppe.
 30633 | Orc:2    | Found a staircase to the Elven Halls.
 31104 | Orc:2    | Bought a potion of degeneration for 16 gold pieces
 31104 | Orc:2    | Bought 2 potions of lignification for 96 gold pieces
 31104 | Orc:2    | Bought a potion of flight for 48 gold pieces
 31131 | Orc:2    | Bought a potion of haste for 160 gold pieces
 32771 | D:13     | Found a flagged portal.
 32786 | Bailey   | Entered a bailey
 32857 | Bailey   | Found a bloodstained altar of Trog.
 33357 | D:13     | Identified a scroll of acquirement
 34101 | D:14     | Found Cikhego's Antique Armour Shop.
 34361 | D:14     | Reached skill level 18 in Axes
 34836 | D:14     | Reached XP level 15. HP: 132/134 MP: 16/16
 35177 | D:14     | Found a gate to the Vaults.
 35735 | D:15     | Entered Level 15 of the Dungeon
 35735 | D:15     | Noticed Nessos
 35752 | D:14     | Killed Nessos
 36462 | D:15     | Reached skill level 15 in Armour
 37363 | D:15     | Reached skill level 15 in Shields
 37501 | D:15     | Noticed a tengu reaver
 37889 | D:15     | Killed a tengu reaver
 38355 | D:15     | Noticed Sonja
 38365 | D:15     | Noticed a fire giant
 38707 | D:15     | Found a snail-covered altar of Cheibriados.
 38824 | D:15     | Found a staircase to the Depths.
 38833 | D:15     | Killed Sonja
 38924 | D:15     | Killed a fire giant
 39224 | Depths:1 | Entered Level 1 of the Depths
 39363 | Depths:1 | Noticed a frost giant
 39571 | D:15     | Killed a frost giant
 40578 | Depths:1 | Paralysed by an ogre mage for 5 turns
 41009 | Depths:1 | Noticed a fire giant
 41016 | Depths:1 | Noticed a lich
 41169 | Depths:1 | Reached XP level 16. HP: 114/147 MP: 18/18
 42411 | D:15     | Killed from afar by a lich

Skill      XL: |  1  2  3  4  5  6  7  8  9 10 11 12 13 14 15 |
---------------+----------------------------------------------+-----
Shields        | 4 5 6 8 10 11 12 13 14 15 | 15.7
Armour         | 4 5 6 8 10 11 12 13 14 15 | 15.7
Fighting       | 4 5 6 7 9 10 11 12 14 | 14.7
Axes           | 3 4 5 6 7 8 10 12 13 15 16 18 | 18.9
Dodging        | 1 2 3 4 5 |  5.3
Evocations     | 1 2 3 4 |  4.0
Stealth        | 1 2 3 |  3.3
Polearms       | 1 |  1.8

Action                   |  1- 3 |  4- 6 |  7- 9 | 10-12 | 13-15 | 16-18 || total
-------------------------+-------+-------+-------+-------+-------+-------++-------
Melee: War axe           |    74 |    74 |   499 |   726 |   650 |       ||  2023
       Headbutt          |    10 |    14 |    98 |   138 |   364 |    12 ||   636
       Trident           |       |       |       |     2 |    10 |       ||    12
       Broad axe         |       |       |       |       |   905 |    40 ||   945
 Abil: Evoke Invisibilit |       |       |       |     3 |       |       ||     3
Evoke: Wand              |       |    15 |    24 |     1 |    16 |       ||    56
       Lamp of fire      |       |       |       |     1 |     1 |     1 ||     3
  Use: Scroll            |       |     2 |     5 |     2 |    24 |     3 ||    36
       Potion            |       |       |       |     2 |     9 |       ||    11
 Stab: Invisible         |       |       |       |     1 |       |       ||     1
       Paralysed         |       |       |       |       |     7 |       ||     7
  Eat: Ration            |     1 |       |     3 |     6 |    11 |     1 ||    22
       Chunk             |       |     4 |    14 |    17 |    24 |       ||    59
Armor: Scale mail        |    36 |    25 |   144 |       |       |       ||   205
       Plate armour      |       |       |    17 |   303 |   690 |    51 ||  1061
Dodge: Dodged            |    22 |    30 |   116 |   165 |   432 |    13 ||   778
Block: Shield            |    41 |    42 |   230 |   417 |  1014 |    37 ||  1781
